 Dungeon Crawl Stone Soup version 0.20-a0-466-gc52d0eb (webtiles) character file.

574 M4edhros the Covert (level 7, -3/43 HPs)
             Began as an Octopode Artificer on Jan 13, 2017.
             Shot with an arrow by a centaur (14 damage)
             ... on level 4 of the Dungeon.
             The game lasted 00:02:19 (1829 turns).

M4edhros the Covert (Octopode Artificer)            Turns: 1829, Time: 00:02:20

Health: -3/43      AC:  1    Str: 11    XL:     7   Next: 34%
Magic:  9/9        EV: 13    Int: 13    God:
Gold:   65         SH:  0    Dex: 15    Spells: 6/6 levels left

rFire  . . .     SeeInvis .     a - +0 short sword
rCold  . . .     Gourm    .     (no shield)
rNeg   . . .     Faith    .     (helmet restricted)
rPois  .         Spirit   .     (no amulet)
rElec  .         Reflect  .     (no ring)
rCorr  .         Harm     .     (no ring)
MR     .....                    (no ring)
Stlth  ++++++....               (no ring)
                                (no ring)
                                (no ring)
                                (no ring)
                                (no ring)

@: no status effects
A: almost no armour, stealthy swim, amphibious, 8 rings, constrict 8, camouflage
1, gelatinous body 1
a: no special abilities


You were on level 4 of the Dungeon.
You were not hungry.

You visited 1 branch of the dungeon, and saw 4 of its levels.

You collected 65 gold pieces.

Inventory:

Hand Weapons
 a - a +0 short sword (weapon)
Missiles
 e - 35 stones (quivered)
 h - 15 sling bullets
Wands
 b - a wand of flame (7/48)
 c - a wand of enslavement (5/24)
 d - a wand of random effects (12/48)
Scrolls
 j - 2 scrolls of enchant weapon {unknown}
 l - a scroll of teleportation {unknown}
 m - a scroll of identify {unknown}
 o - a scroll of remove curse {unknown}
 p - a scroll of amnesia {unknown}
Potions
 i - a potion of lignification
 k - 2 potions of agility
 n - a potion of haste {unknown}
Comestibles
 f - 2 bread rations
 g - a slice of pizza
 q - a chunk of flesh


   Skills:
 - Level 1.0 Fighting
 - Level 1.0 Short Blades
 - Level 2.0 Dodging
 + Level 10.8 Stealth
 - Level 3.2 Evocations


You had 6 spell levels left.
You didn't know any spells.

Dungeon Overview and Level Annotations

Branches:
Dungeon (4/15)
 Temple: D:4-7

Altars:
Cheibriados
Zin


Innate Abilities, Weirdness & Mutations

You cannot wear most types of armour.
You are very stealthy in the water. (Stealth+)
You are amphibious.
You can wear up to eight rings at the same time.
You can use your tentacles to constrict eight enemies at once.
Your skin changes colour to match your surroundings (Stealth+).
Your rubbery body absorbs attacks. (AC +1, EV +1)


Message History

The gnoll hits your gnoll shaman with a club.
Your gnoll shaman hits the gnoll with a club.
The gnoll hits your gnoll shaman with a club.
The gnoll barely misses your gnoll shaman.
Your gnoll shaman hits the gnoll with a club.
You feel a bit more experienced.
Unknown command.
A frilled lizard comes into view.
A centaur comes into view.
You start resting.
You feel a little less agile now.
You swing at nothing.
You swing at nothing.
The centaur shouts!
You hit the frilled lizard.
You kill the frilled lizard!
The centaur wields a glowing shortbow.
The centaur shoots an arrow.
The arrow misses you.
You swing at nothing.
The centaur shoots an arrow.
The arrow hits you!
You die...

....# ###.### .##.# ....... ....#
##.### .#..## ########.###
.#...#### #........... ####.<..#
#.#####.#### .#...##.# #
#######.#####.# .#..###.###.#
#.......c.....# ....###.#.#.#
#@#####.#####.# l...........# #.#
#.# #.# #######.#.#.# #.# #.# #.#
........#.#.# #.# #.# #.#
#########.#.# #.#####.#####.#
#.#.# #.#....<......# # ##.#.#
#.#.###.#####.# ## #
#....####.....#.#####.###.
########.#.......###.........##.#


You could see a centaur.

Vanquished Creatures
  Grinder (D:4)
  2 ogres (D:4)
  A scorpion (D:4)
  A hound (D:4)
  A worker ant (D:4)
  4 adders
  2 oozes (D:4)
  3 leopard geckos (D:4)
  3 bats
  A giant cockroach (D:4)
  2 goblins
  2 hobgoblins (D:3)
  6 jackals
  A quokka (D:4)
  6 frilled lizards
  A leopard gecko skeleton (D:4)
37 creatures vanquished.

Vanquished Creatures (collateral kills)
  A frilled lizard (D:4)
1 creature vanquished.

Vanquished Creatures (others)
  An ogre (D:4)
  A gnoll shaman (D:4)
  A worker ant (D:4)
3 creatures vanquished.

Grand Total: 41 creatures vanquished

Notes
Turn   | Place    | Note
-------+----------+-------------------------------------------
     0 | D:1      | M4edhros the Octopode Artificer began the quest for the Orb.
     0 | D:1      | Reached XP level 1. HP: 13/13 MP: 3/3
    68 | D:1      | Reached skill level 2 in Stealth
   264 | D:2      | Reached skill level 3 in Stealth
   264 | D:2      | Reached XP level 2. HP: 11/18 MP: 4/4
   394 | D:3      | Reached skill level 4 in Stealth
   400 | D:3      | Reached XP level 3. HP: 10/23 MP: 5/5
   596 | D:4      | Noticed a scorpion
   605 | D:4      | Killed a scorpion
   605 | D:4      | Reached skill level 5 in Stealth
   605 | D:4      | Reached XP level 4. HP: 18/28 MP: 6/6
   803 | D:4      | Noticed an ogre
   804 | D:4      | Noticed an ogre
   815 | D:4      | Killed an ogre
   815 | D:4      | Reached skill level 7 in Stealth
   815 | D:4      | Reached XP level 5. HP: 18/33 MP: 7/7
   995 | D:4      | Found a snail-covered altar of Cheibriados.
  1033 | D:4      | Noticed Grinder
  1065 | D:4      | Killed Grinder
  1065 | D:4      | Reached skill level 9 in Stealth
  1065 | D:4      | Reached XP level 6. HP: 9/38 MP: 8/8
  1429 | D:4      | Reached skill level 10 in Stealth
  1438 | D:4      | Reached XP level 7. HP: 10/43 MP: 9/9
  1646 | D:4      | Found a glowing silver altar of Zin.
  1829 | D:4      | Shot with an arrow by a centaur

Vault maps used:
D:1:      lightli_arrival_windingriver
D:2:      lemuel_upstairs_altar, first_bread, minmay_statues_item,
          okawaru_gym_becter
D:4:      lemuel_round_altar, gammafunk_temple_overflow_elements,
          minmay_ruined_shrine, uniq_grinder

Skill      XL: |  1  2  3  4  5  6 |
---------------+-------------------+-----
Stealth        | 3 4 5 7 9 10 | 10.8
Fighting       | |  1.0
Short Blades   | |  1.0
Dodging        | |  2.0
Evocations     | |  3.2

Action                   |  1- 3 |  4- 6 |  7- 9 || total
-------------------------+-------+-------+-------++-------
Melee: Short sword       |    32 |    47 |    10 ||    89
       Tentacles         |     6 |     8 |     4 ||    18
       Constrict         |     7 |    10 |     2 ||    19
Evoke: Wand              |       |    14 |     7 ||    21
  Use: Potion            |       |     1 |     1 ||     2
 Stab: Sleeping          |     6 |     3 |       ||     9
       Paralysed         |       |     2 |       ||     2
  Eat: Chunk             |       |       |     3 ||     3
Armor: Skin              |     3 |    15 |       ||    18
Dodge: Dodged            |    15 |    24 |    11 ||    50
